[Event "Late-Titled-Tuesday-Blitz-January-16-2024"]
[Site "Chess.com"]
[Date "2024.01.16"]
[Round "2"]
[White "brm72"]
[Black "mbchess97"]
[Result "1/2-1/2"]
[WhiteElo "2706"]
[BlackElo "2409"]
[TimeControl "180+1"]
[EndTime "14:17:06 PST"]
[Termination "Game drawn by repetition"]

1. e4 c5 2. Nf3 d6 3. d4 cxd4 4. Nxd4 Nf6 5. Nc3 Nc6 6. Bg5 e6 7. Qd2 a6 8. O-O-O Bd7 9. Kb1 Be7 10. f3 Qc7 11. Be3 b5 12. Nxc6 Bxc6 13. g4 b4 14.
Ne2 d5 15. e5 Nd7 16. Nd4 Nxe5 17. Be2 Nc4 18. Bxc4 dxc4 19. Nxc6 Qxc6 20. Bd4 O-O 21. Qe3 c3 22. b3 a5 23. a4 bxa3 24. Qxc3 Qxc3 25.
Bxc3 a4 26. b4 Rab8 27. Rd4 Bf6 28. Rc4 Bxc3 29. Rxc3 Rxb4+ 30. Ka2 h5 31. h3 Rfb8 32. Kxa3 hxg4 33. hxg4 g6 34. Rd1 R8b7 35. Rc8+ Kg7 36. Ra8 Rf4 37. Rd3 Rc7 38. c3 Rfc4 39. Kb2 Rb7+ 40.
Kc2 g5 41. Ra5 Kg6 42. Rd8 Rbc7 43. Rd3 R7c5 44. Ra7 Rc7 45. Ra5 Kf6 46. Ra6 R7c6 47. Ra5 R6c5 48. Ra6 Rc6 49. Ra5 R6c5 50. Ra7 Rc7 51.
Ra5 R7c5 1/2-1/2

[Event "Late-Titled-Tuesday-Blitz-January-16-2024"]
[Site "Chess.com"]
[Date "2024.01.16"]
[Round "2"]
[White "Incognito_Knight"]
[Black "Jbd735"]
[Result "1/2-1/2"]
[WhiteElo "2757"]
[BlackElo "2534"]
[TimeControl "180+1"]
[EndTime "14:17:07 PST"]
[Termination "Game drawn by repetition"]

1. e4 e5 2. Nf3 Nc6 3. Nc3 Nf6 4. a3 g6 5. Bc4 Bg7 6. d3 O-O 7. h3 d6 8. O-O Be6 9. Be3 Qd7 10. Ng5 Bxc4 11.
dxc4 h6 12. Nf3 Kh7 13. Qd3 Nh5 14. c5 Rad8 15. cxd6 cxd6 16. Rad1 f5 17. exf5 gxf5 18. g4 e4 19. Nxe4 fxe4 20. Qxe4+ Kh8 21. gxh5 Qxh3 22. Nh4 Ne5 23. Rd5 Rde8 24. Rxe5 Bxe5 25. Ng6+ Kg8 26. f4 Qg3+ 27. Kh1 Qh3+ 28. Kg1 Qg3+ 29. Kh1 Qh3+ 30. Kg1 1/2-1/2

[Event "Late-Titled-Tuesday-Blitz-January-16-2024"]
[Site "Chess.com"]
[Date "2024.01.16"]
[Round "2"]
[White "le-castor-faineant"]
[Black "2346PL"]
[Result "0-1"]
[WhiteElo "2275"]
[BlackElo "2526"]
[TimeControl "180+1"]
[EndTime "14:17:09 PST"]
[Termination "2346PL won on time"]

1. e4 c5 2. Nf3 Nf6 3. e5 Nd5 4. Nc3 e6 5. Nxd5 exd5 6. d4 Nc6 7. dxc5 Bxc5 8. Qxd5 Qb6 9. Qd2 d6 10. Bc4 dxe5 11.
O-O O-O 12. c3 Bf5 13. b4 Be7 14. Qe3 Bf6 15. Qxb6 axb6 16. Be3 e4 17. Nd4 Nxd4 18. cxd4 Rfd8 19. Rfd1 Ra4 20. Rab1 Be7 21. d5 Rxb4 22. Rxb4 Bxb4 23. Bxb6 Rc8 24. Bb5 Bd6 25. Ba4 h5 26. h3 g5 27. Be3 f6 28. Rc1 Rxc1+ 29. Bxc1 Kf7 30. Kf1 Bc5 31. Ke2 Ke7 32. Bb3 Kd6 33.
Be3 Bd7 34. Bd2 Bb5+ 35. Ke1 Bd3 36. Bc3 f5 37. Bf6 g4 38. h4 f4 39. Bg5 Ke5 40. Bh6 e3 41. fxe3 fxe3 42. Bg7+ Kf5 43. Bc3 Kf4 0-1

[Event "Late-Titled-Tuesday-Blitz-January-16-2024"]
[Site "Chess.com"]
[Date "2024.01.16"]
[Round "2"]
[White "Sargsyan_Shant"]
[Black "Macron20hTF1"]
[Result "1-0"]
[WhiteElo "2873"]
[BlackElo "2554"]
[TimeControl "180+1"]
[EndTime "14:17:12 PST"]
[Termination "Sargsyan_Shant won by resignation"]

1. c4 c6 2. Nf3 d5 3. g3 Nf6 4. Bg2 e6 5. O-O Be7 6. d4 O-O 7. Qc2 b6 8. Nbd2 Bb7 9. Rd1 Nbd7 10. e4 c5 11. e5 Ne4 12. cxd5 exd5 13. dxc5 Rc8 14. b4 Nxf2 15. Kxf2 Nxc5 16. Kg1 Ne4 17. Qd3 Bxb4 18. Bb2 Bc5+ 19. Bd4 h6 20. Nb3 Qe7 21. Rac1 Rc7 22. Nxc5 bxc5 23. Bb2 d4 24. Nxd4 Qxe5 25. Qc2 Re8 26. Nb5 Qh5 27. Nxc7 Ng5 28. Nxe8 Nf3+ 29.
Bxf3 Qxf3 30. Nf6+ gxf6 31. Rd8+ Kg7 32. Bxf6+ Qxf6 33. Qc3 1-0

[Event "Late-Titled-Tuesday-Blitz-January-16-2024"]
[Site "Chess.com"]
[Date "2024.01.16"]
[Round "2"]
[White "Navyblue1"]
[Black "scandalgod"]
[Result "0-1"]
[WhiteElo "2180"]
[BlackElo "2496"]
[TimeControl "180+1"]
[EndTime "14:17:12 PST"]
[Termination "scandalgod won by resignation"]

1. d4 d5 2. c4 c6 3. cxd5 cxd5 4. Nc3 Nf6 5. Bf4 Nc6 6. e3 a6 7. Nf3 Bg4 8. Be2 e6 9. O-O Bd6 10. Ne5 Bxe5 11. dxe5 Bxe2 12. Qxe2 Nd7 13. Qh5 O-O 14. Rfd1 Qe7 15. Ne2 Rfc8 16. h3 g6 17. Qh6 Ndxe5 18.
Bxe5 Nxe5 19. Nd4 Qf6 20. Rf1 Rc4 21. f4 Nc6 22. Nxc6 Rxc6 23. Rae1 Rac8 24. Rf2 Rc2 25. Ree2 Rxe2 26. Rxe2 Qf5 27. Qh4 Qe4 28. Qf2 Rc1+ 29.
Kh2 Kg7 30. Rd2 h5 31. Rd4 Qb1 32. Rd2 Rh1+ 33. Kg3 Rf1 34. Qe2 Re1 35. Qf2 Rc1 36. Qe2 Qxa2 37. Qd3 Qc4 38. Qd4+ Qxd4 39. Rxd4 Rc4 40.
Rd3 Rb4 41. b3 b5 42. Kf3 Kf6 43. Ke2 Kf5 44. Kf3 a5 45. Rc3 a4 46. bxa4 bxa4 47. Rc7 Kf6 48. g4 hxg4+ 49. hxg4 Rb3 50. g5+ Kg7 51.
Kf2 a3 52. Ra7 Kf8 53. Ke2 Rb2+ 54. Kf3 a2 55. Kg3 Ke8 56. Kf3 Kd8 57. Kg3 Kc8 58. Kf3 Kb8 59. Ra3 Kb7 60. Kg3 Kb6 61. Kf3 Kb5 62.
Kg3 Kb4 63. Ra8 Kc3 64. Kf3 Kc2 65. Rc8+ Kb1 66. Ra8 Rb7 0-1

[Event "Late-Titled-Tuesday-Blitz-January-16-2024"]
[Site "Chess.com"]
[Date "2024.01.16"]
[Round "2"]
[White "LastHeroJr"]
[Black "dorpato"]
[Result "1-0"]
[WhiteElo "2476"]
[BlackElo "2142"]
[TimeControl "180+1"]
[EndTime "14:17:14 PST"]
[Termination "LastHeroJr won by resignation"]

1. e4 c5 2. Nf3 d6 3. d4 cxd4 4. Nxd4 Nf6 5. Nc3 a6 6. Bg5 e6 7.
f4 Be7 8. Qf3 Qc7 9. O-O-O Nc6 10. Nb3 h6 11. Bh4 b6 12. Bd3 Bb7 13. Bg3 O-O-O 14. Kb1 Nd7 15. Rhe1 f6 16. Qg4 e5 17.
Nd5 Qb8 18. Nxe7+ Nxe7 19. Qxg7 Nc6 20. Bc4 b5 21. Be6 Qc7 22. Qxf6 Rdf8 23. Qh4 Kb8 24. Bxd7 Qxd7 25. fxe5 Qe6 26. exd6 Ka7 27. Nc5 Qg6 28. Nxb7 Kxb7 29. d7 Rd8 30. Qf4 Rh7 31. Qc7+ Ka8 32.
Rd6 Rhxd7 33. Qxc6+ Ka7 34. Rxd7+ 1-0

[Event "Late-Titled-Tuesday-Blitz-January-16-2024"]
[Site "Chess.com"]
[Date "2024.01.16"]
[Round "2"]
[White "katharinareinecke"]
[Black "sebastianmarinp"]
[Result "0-1"]
[WhiteElo "2036"]
[BlackElo "2453"]
[TimeControl "180+1"]
[EndTime "14:17:14 PST"]
[Termination "sebastianmarinp won by resignation"]

1. d4 d5 2. c4 e6 3. Nf3 Nf6 4.
g3 Bb4+ 5. Bd2 a5 6. Bg2 O-O 7. O-O dxc4 8. e3 Nbd7 9. a3 Be7 10. Qc2 Nb6 11. Ne5 c5 12. dxc5 Bxc5 13. Nxc4 Nxc4 14. Qxc4 Qe7 15. Bc3 Bd7 16. Bxb7 Rab8 17. Bg2 Bb5 18. Qf4 Bxf1 19. Bxf1 Nd5 20. Qa4 Qb7 21. b4 axb4 22.
axb4 Bxb4 23. Bxb4 Qxb4 24. Qxb4 Rxb4 25. Nd2 g6 26.
Nf3 Rb2 27. Nd4 Nc3 28. h4 Ne4 29. Be2 e5 30. Bd3 Nxf2 0-1

[Event "Late-Titled-Tuesday-Blitz-January-16-2024"]
[Site "Chess.com"]
[Date "2024.01.16"]
[Round "2"]
[White "Ekko_li"]
[Black "Javylavilla"]
[Result "1-0"]
[WhiteElo "2703"]
[BlackElo "2350"]
[TimeControl "180+1"]
[EndTime "14:17:15 PST"]
[Termination "Ekko_li won by resignation"]

1. e4 c5 2. Nf3 d6 3. Bb5+ Nd7 4.
d4 cxd4 5. Qxd4 a6 6. Bxd7+ Bxd7 7. c4 e5 8. Qd3 Nf6 9. O-O Be7 10. Nc3 O-O 11.
Bg5 Be6 12. b3 Qa5 13. Bd2 Qc7 14. Rac1 Rac8 15. Rfd1 Qd7 16. Bg5 Rfd8 17. Na4 Qc6 18.
Nc3 h6 19. Be3 Ng4 20. Bd2 Qc5 21. Be1 g6 22. h3 Nf6 23. Bd2 Kg7 24. Be3 Qc7 25.
Qd2 Ng8 26. Na4 Rd7 27. Nb6 Rcd8 28. Nxd7 Rxd7 29. Qb2 f5 30. exf5 gxf5 31. c5 Bf6 32.
cxd6 Qa5 33. Rc5 Qb4 34. Nxe5 f4 35. Bd4 Rxd6 36. Rc7+ Ne7 37. Rxe7+ Bxe7 38. Nc6+ Rxd4 39. Nxb4 1-0

[Event "Late-Titled-Tuesday-Blitz-January-16-2024"]
[Site "Chess.com"]
[Date "2024.01.16"]
[Round "2"]
[White "xakevicius91"]
[Black "iturrizaga"]
[Result "0-1"]
[WhiteElo "2524"]
[BlackElo "3016"]
[TimeControl "180+1"]
[EndTime "14:17:15 PST"]
[Termination "iturrizaga won by resignation"]

1. e4 c5 2. Nf3 e6 3. b3 b6 4. d4 cxd4 5. Nxd4 Bb7 6. Bd3 Nf6 7.
Qe2 Bc5 8. Bb2 O-O 9. Nd2 Nc6 10. Nxc6 Bxc6 11. O-O-O a5 12. a4 Qe7 13. g4 Rfc8 14. g5 Ne8 15. Rhg1 Ba3 16. Nc4 Bxb2+ 17. Kxb2 b5 18.
axb5 Bxb5 19. Nb6 Qc5 20. Nxc8 Bxd3 21. Rxd3 Rxc8 22. Qd2 a4 23. Ra1 axb3 24. cxb3 Qe5+ 25. Rc3 Rb8 26. f4 Qxe4 27. Qe3 Qg2+ 28. Rc2 Qd5 29. Rac1 Nd6 30. Rc5 Qb7 31. Rc7 Qa8 32. Rxd7 Qg2+ 33. Rc2 Nc4+ 34. Kb1 Qxc2+ 35. Kxc2 Nxe3+ 0-1

[Event "Late-Titled-Tuesday-Blitz-January-16-2024"]
[Site "Chess.com"]
[Date "2024.01.16"]
[Round "2"]
[White "shrek4life02"]
[Black "Jospem"]
[Result "0-1"]
[WhiteElo "2636"]
[BlackElo "3100"]
[TimeControl "180+1"]
[EndTime "14:17:17 PST"]
[Termination "Jospem won by resignation"]

1. d4 Nf6 2. c4 e6 3. e3 c5 4.
Nf3 b6 5. Nc3 Bb7 6. Be2 d6 7.
O-O Nbd7 8. b3 Be7 9. Bb2 O-O 10.
Rc1 a6 11. Ne1 Qc7 12. Bf3 Rac8 13. Bxb7 Qxb7 14. Qf3 Qb8 15. Nd3 Rfe8 16. Rfd1 h6 17. Qg3 cxd4 18. exd4 b5 19. cxb5 axb5 20. d5 e5 21. Nb4 Qb7 22. Qd3 Rc5 23. Nc6 b4 24. Na4 Rxd5 25. Qc4 Rxd1+ 26. Rxd1 d5 27. Nxe7+ Rxe7 28. Qh4 d4 29. Rc1 Re6 30. Nc5 Nxc5 31. Rxc5 Qa6 32. g4 Qxa2 33. Bc1 Qa6 34. Qg3 Ne4 0-1

[Event "Late-Titled-Tuesday-Blitz-January-16-2024"]
[Site "Chess.com"]
[Date "2024.01.16"]
[Round "2"]
[White "jup1978"]
[Black "Rikikits"]
[Result "0-1"]
[WhiteElo "2477"]
[BlackElo "2827"]
[TimeControl "180+1"]
[EndTime "14:17:17 PST"]
[Termination "Rikikits won on time"]

1. e4 c6 2. d4 d5 3. exd5 cxd5 4. Bd3 Nc6 5. c3 h5 6. Bf4 h4 7. h3 e6 8. Nd2 g5 9. Bh2 Bd6 10. Ngf3 f6 11. Qe2 Nge7 12. O-O-O Bxh2 13. Nxh2 Qd6 14. Ng4 Kf7 15. Rhf1 Ng6 16. Bxg6+ Kxg6 17. Rde1 Bd7 18. Qd3+ Kg7 19. Qe3 Qf4 20. Nb3 b6 21. f3 Rac8 22. Nf2 Qxe3+ 23. Rxe3 Ne7 24. Rfe1 Nf5 25. R3e2 a5 26. Kd2 Kf7 27. Nc1 Rhe8 28.
Nfd3 Bb5 29. Rf2 Bc4 30. f4 Rg8 31. fxg5 Rxg5 32. Nf4 Rc6 33. b3 Ba6 34. Ncd3 Ng3 35. Rf3 Ne4+ 36. Kc2 Rxc3+ 37. Kb2 Bxd3 38. Nxd3 Rxg2+ 39.
Ka3 Ke7 40. Rc1 b5 0-1

[Event "Late-Titled-Tuesday-Blitz-January-16-2024"]
[Site "Chess.com"]
[Date "2024.01.16"]
[Round "2"]
[White "GothamChess"]
[Black "TEREZANA"]
[Result "1/2-1/2"]
[WhiteElo "2747"]
[BlackElo "2523"]
[TimeControl "180+1"]
[EndTime "14:17:19 PST"]
[Termination "Game drawn by repetition"]

1. e4 e5 2. Nf3 Nc6 3. c4 Bc5 4.
Nc3 d6 5. d3 Nge7 6. a3 Nd4 7.
Be2 O-O 8. O-O c6 9. Be3 Ng6 10. b4 Bb6 11. Na4 Nxe2+ 12. Qxe2 Bc7 13. d4 f5 14.
dxe5 fxe4 15. Nd2 Nxe5 16. Nxe4 Be6 17. Rac1 Qh4 18. f3 Nxc4 19. g3 Qh5 20. Rxc4 Bxc4 21.
Qxc4+ d5 22. Qa2 Rxf3 23. Re1 Re8 24. Bf2 Rxf2 25. Qxf2 dxe4 26. Nc5 Bb6 27. Kg2 Bxc5 28. bxc5 Qe5 29. Qe3 Qd5 30. Re2 h6 31. Rd2 Qe5 32. Rd7 Re7 33. Rd8+ Re8 34. Rd7 Re7 35. Rd8+ Re8 36. Rd7 1/2-1/2

[Event "Late-Titled-Tuesday-Blitz-January-16-2024"]
[Site "Chess.com"]
[Date "2024.01.16"]
[Round "2"]
[White "WilliamAlfaroCaracas"]
[Black "iwanyu"]
[Result "0-1"]
[WhiteElo "2226"]
[BlackElo "2667"]
[TimeControl "180+1"]
[EndTime "14:17:19 PST"]
[Termination "iwanyu won on time"]

1. d4 Nf6 2. c4 c5 3. d5 e6 4. Nc3 exd5 5. cxd5 d6 6. Nf3 g6 7. g3 Bg7 8. Bg2 O-O 9. O-O Re8 10. Bf4 h6 11. Nd2 g5 12. Be3 Ng4 13. Nc4 Nxe3 14. Nxe3 a6 15. a4 Nd7 16. Nf5 Bf8 17. e4 Nf6 18. Ne3 Bd7 19. Qd3 Rb8 20. a5 Bg7 21. h3 g4 22. h4 h5 23. f3 gxf3 24.
Bxf3 Kh8 25. Nc4 Bb5 26. Rae1 Bxc4 27. Qxc4 Qxa5 28. e5 Nd7 29. e6 Ne5 30. Rxe5 Bxe5 31.
Bxh5 fxe6 32. Bxe8 Rxe8 33. Rf7 Qb4 34. Qxb4 cxb4 0-1

[Event "Late-Titled-Tuesday-Blitz-January-16-2024"]
[Site "Chess.com"]
[Date "2024.01.16"]
[Round "2"]
[White "ozates"]
[Black "Heinza9"]
[Result "1-0"]
[WhiteElo "2570"]
[BlackElo "2333"]
[TimeControl "180+1"]
[EndTime "14:17:19 PST"]
[Termination "ozates won on time"]

1. e4 e5 2. Nc3 Nf6 3. d4 exd4 4. Qxd4 Nc6 5. Qd3 Bb4 6. Bd2 d6 7. O-O-O O-O 8. h4 Be6 9. h5 Ne5 10. Qg3 Bxc3 11. Qxc3 Nxe4 12. Qd4 Nxd2 13. Qxd2 Qf6 14. a3 h6 15. f3 c5 16. Nh3 Rad8 17.
Nf4 d5 18. Re1 d4 19. Nxe6 fxe6 20. Re4 c4 21. f4 c3 22. bxc3 dxc3 23. Qxc3 Ng4 24.
Qxf6 Rxf6 25. Bc4 Nf2 26. Rxe6 Nxh1 27. Re8+ Kh7 28. Rxd8 g5 29. Rd7+ Kh8 30. fxg5 hxg5 31.
Rxb7 Rf2 32. g4 Rf4 33. Be6 Nf2 34. Rb4 Rf6 35. Bf5 Ra6 36. Kb2 Kg7 37. Rb7+ Kf6 38.
h6 1-0

[Event "Late-Titled-Tuesday-Blitz-January-16-2024"]
[Site "Chess.com"]
[Date "2024.01.16"]
[Round "2"]
[White "roxannyzoldyck"]
[Black "Maxfan2008"]
[Result "0-1"]
[WhiteElo "2204"]
[BlackElo "2506"]
[TimeControl "180+1"]
[EndTime "14:17:20 PST"]
[Termination "Maxfan2008 won by resignation"]

1. e4 c5 2. Nf3 d6 3. d4 cxd4 4. Nxd4 Nf6 5. Nc3 a6 6. Be3 e5 7.
Nb3 Be6 8. f3 Be7 9. Qd2 h5 10.
O-O-O Nbd7 11. Kb1 Rc8 12. h3 b5 13. Nd5 Nxd5 14.
exd5 Bf5 15. Bd3 Bxd3 16. Qxd3 Nb6 17. f4 Nc4 18. Bc1 Bf6 19. g4 exf4 20. Rhe1+ Kf8 21. Nd4 hxg4 22. hxg4 Qd7 23. Bxf4 Qxg4 24. Bxd6+ Nxd6 25. Nc6 g6 26. Rf1 Rh3 27. Qd2 Bxb2 28. Rh1 Bc3 29. Rxh3 Bxd2 30. Rh8+ Kg7 31. Rxc8 Qxd1+ 32. Kb2 Nxc8 0-1

[Event "Late-Titled-Tuesday-Blitz-January-16-2024"]
[Site "Chess.com"]
[Date "2024.01.16"]
[Round "2"]
[White "Levanzovsky"]
[Black "Byniolus"]
[Result "0-1"]
[WhiteElo "2479"]
[BlackElo "2750"]
[TimeControl "180+1"]
[EndTime "14:17:22 PST"]
[Termination "Byniolus won on time"]

1. c4 c6 2. Nf3 d5 3. e3 Nf6 4. b3 Bf5 5. Bb2 e6 6. Nc3 Nbd7 7. Be2 Bd6 8. O-O O-O 9. d4 Ne4 10.
Nxe4 Bxe4 11. Nd2 Bg6 12. Rc1 Qe7 13. f4 Nf6 14. Bf3 a5 15. Qe2 Bb4 16. Bc3 Ba3 17. Rcd1 a4 18. e4 axb3 19. e5 Nd7 20. axb3 Bb4 21. Qe3 Ra2 22. Bxb4 Qxb4 23. cxd5 cxd5 24. f5 Bxf5 25. Bxd5 Bc2 26. Rde1 exd5 27. e6 Nf6 28. exf7+ Rxf7 29. Nf3 Be4 30. Rc1 h6 31. Qf4 Qf8 32.
Nh4 Nh7 33. Qxf7+ Qxf7 34. Rc8+ Nf8 0-1

[Event "Late-Titled-Tuesday-Blitz-January-16-2024"]
[Site "Chess.com"]
[Date "2024.01.16"]
[Round "2"]
[White "laskakid"]
[Black "dosto07"]
[Result "0-1"]
[WhiteElo "2314"]
[BlackElo "2545"]
[TimeControl "180+1"]
[EndTime "14:17:22 PST"]
[Termination "dosto07 won by resignation"]

1. d4 d5 2. c4 dxc4 3. e4 Nf6 4. e5 Nd5 5. Bxc4 Nb6 6. Bd3 Nc6 7. Be3 Nb4 8. Be4 f5 9. a3 N4d5 10. Bxd5 Nxd5 11.
Ne2 Be6 12. Nbc3 g6 13. O-O Bg7 14. Nf4 Nxc3 15. bxc3 Bc4 16. Re1 O-O 17. Rb1 b5 18. h4 e6 19. Qf3 Qxh4 20. Qc6 Qe7 21. d5 exd5 22. Bc5 Qe8 23. Qxc7 Rc8 24. Qxa7 Rf7 25.
Qb6 Rc6 26. e6 Rfc7 27. Qa5 Rxc5 28. e7 Rxe7 29. Rxe7 Qxe7 30. Qb6 Rc8 31. Ne6 Be5 32. Re1 Qd6 33. Qxd6 Bxd6 34. Nd4 Bxa3 35. Re6 Bb2 36. Rb6 Bxc3 37. Nxb5 Bxb5 38. Rxb5 d4 39. Rd5 Kf7 0-1

[Event "Late-Titled-Tuesday-Blitz-January-16-2024"]
[Site "Chess.com"]
[Date "2024.01.16"]
[Round "2"]
[White "varunkrishnanchess"]
[Black "Oleksandr_Bortnyk"]
[Result "0-1"]
[WhiteElo "2637"]
[BlackElo "3110"]
[TimeControl "180+1"]
[EndTime "14:17:24 PST"]
[Termination "Oleksandr_Bortnyk won by resignation"]

1. d4 d6 2. e4 Nf6 3. Nc3 Nbd7 4. Nf3 e5 5. Be2 Be7 6. O-O c6 7. a4 a5 8. Be3 O-O 9. h3 d5 10. Nxe5 Nxe4 11. Nxe4 dxe4 12. Bc4 Nxe5 13. dxe5 Qc7 14. e6 f5 15. Qh5 Qe5 16. Rad1 Qxb2 17. Bc5 Qf6 18. Bd4 Qg6 19. Qxg6 hxg6 20. Bc5 Re8 21. Bxe7 Rxe7 22. Rd8+ Kh7 23. Rb1 g5 24. Rf8 Kg6 25. Kf1 b5 26. axb5 cxb5 27. Rxb5 Bxe6 28. Rb6 Rxf8 0-1

[Event "Late-Titled-Tuesday-Blitz-January-16-2024"]
[Site "Chess.com"]
[Date "2024.01.16"]
[Round "2"]
[White "chessprincesa1"]
[Black "enestnrvrd"]
[Result "1-0"]
[WhiteElo "2316"]
[BlackElo "2673"]
[TimeControl "180+1"]
[EndTime "14:17:24 PST"]
[Termination "chessprincesa1 won by resignation"]

1. d4 Nf6 2. c4 g6 3. g3 Bg7 4. Bg2 O-O 5. Nf3 d5 6. cxd5 Nxd5 7. Nc3 Nb6 8. O-O Nc6 9. d5 Nb4 10. e4 c6 11. a3 Na6 12. Bf4 cxd5 13. exd5 Nc4 14.
Qb3 Nd6 15. Rad1 Bd7 16. Rfe1 Nc5 17. Qb4 b6 18. Be5 Bf6 19. Qf4 Bf5 20. Bxf6 exf6 21.
Nd4 Qd7 22. Nxf5 Nxf5 23. b4 Na4 24. Ne4 Qd8 25. g4 Nh4 26. Nxf6+ Kg7 27. g5 Nxg2 28. Kxg2 h6 29. gxh6+ Kh8 30. Qd4 Qc7 31. Ne8+ 1-0

[Event "Late-Titled-Tuesday-Blitz-January-16-2024"]
[Site "Chess.com"]
[Date "2024.01.16"]
[Round "2"]
[White "Championnn-9"]
[Black "Chempiblinka"]
[Result "1-0"]
[WhiteElo "2530"]
[BlackElo "2296"]
[TimeControl "180+1"]
[EndTime "14:17:24 PST"]
[Termination "Championnn-9 won by resignation"]

1. d4 Nf6 2. Bf4 g6 3. Nc3 d5 4. e3 Bg7 5. Nf3 a6 6. Ne5 e6 7.
h4 c5 8. Be2 h5 9. a3 Nc6 10. Rb1 c4 11. f3 O-O 12. g4 Bd7 13. Bg5 Qc7 14. f4 Nxe5 15. fxe5 Nxg4 16. Bxg4 hxg4 17.
Qxg4 f5 18. exf6 Bxf6 19. Bh6 Kf7 20. Bxf8 Rxf8 21. Rg1 Rg8 22. h5 g5 23. h6 Ke7 24.
Ke2 Qh2+ 25. Rg2 Qxh6 26. Rf1 Qg6 27. Kd2 b5 28. Rgf2 Rf8 29. e4 e5 30. Nxd5+ Kd8 31.
Rxf6 Rxf6 32. Rxf6 Qg7 33. Rd6 Kc8 34. Rxd7 Qxd7 35.
Nb6+ 1-0

[Event "Late-Titled-Tuesday-Blitz-January-16-2024"]
[Site "Chess.com"]
[Date "2024.01.16"]
[Round "2"]
[White "Beca95"]
[Black "crazy_but_lazy"]
[Result "1-0"]
[WhiteElo "2968"]
[BlackElo "2584"]
[TimeControl "180+1"]
[EndTime "14:17:27 PST"]
[Termination "Beca95 won by resignation"]

1. d4 f5 2. Bg5 h6 3. Bh4 g5 4.
Bg3 Nf6 5. e3 d6 6. Nc3 e6 7. h4 Rg8 8. hxg5 hxg5 9. f3 Nc6 10.
Qd2 Qe7 11. e4 f4 12. Bf2 e5 13. Bb5 Bd7 14. d5 Nd8 15. Nge2 Nf7 16. O-O-O a6 17. Bxd7+ Qxd7 18. Kb1 Be7 19. Nc1 g4 20. Bh4 Ng5 21. Qd3 Kf7 22. Nb3 Rg7 23. Na5 Rb8 24. Bxg5 Rxg5 25. Qc4 Rg7 26. Qb3 b6 27. Nc6 Rbg8 28.
a4 gxf3 29. gxf3 Rg2 30. Qc4 a5 31. Nb5 Bf8 32. Nxc7 R8g3 33. Rd3 Rf2 34. Ne6 Rgg2 35. Rc3 Bg7 36. Qb5 Kg6 37. Qxb6 Qf7 38. Qxa5 Nd7 39.
Qc7 1-0

[Event "Late-Titled-Tuesday-Blitz-January-16-2024"]
[Site "Chess.com"]
[Date "2024.01.16"]
[Round "2"]
[White "LevonAronian"]
[Black "djano"]
[Result "1-0"]
[WhiteElo "3105"]
[BlackElo "2636"]
[TimeControl "180+1"]
[EndTime "14:17:28 PST"]
[Termination "LevonAronian won by resignation"]

1. e4 c5 2. Nf3 Nc6 3. Bb5 e5 4. O-O Nge7 5. c3 g6 6. d4 cxd4 7. cxd4 exd4 8. Nxd4 Bg7 9. Nf3 d5 10. exd5 Qxd5 11. Qxd5 Nxd5 12. Re1+ Be6 13. Ng5 O-O-O 14. Bxc6 bxc6 15. Nxe6 Rde8 16. a3 Rxe6 17. Rxe6 fxe6 18.
Kf1 Rd8 19. Ke2 Kd7 20. g3 Rb8 21. Ra2 a5 22. Nd2 Nb6 23. Kd1 a4 24. Kc2 Rf8 25. Ne4 Bd4 26. f4 c5 27. Bd2 Kc6 28. Ra1 e5 29. fxe5 Bxe5 30. Re1 Bd4 31. Re2 Nd5 32. Ng5 Rb8 33. Bc1 Rb7 34. Ne6 Kd6 35. Nxd4 cxd4 36. Kd3 Rc7 37. Bh6 Rb7 38. Kxd4 Rb3 39. Bf8+ Kc6 40. Rc2+ 1-0

[Event "Late-Titled-Tuesday-Blitz-January-16-2024"]
[Site "Chess.com"]
[Date "2024.01.16"]
[Round "2"]
[White "IamSchrodingersCat"]
[Black "BilodeauA"]
[Result "0-1"]
[WhiteElo "2565"]
[BlackElo "2905"]
[TimeControl "180+1"]
[EndTime "14:17:28 PST"]
[Termination "BilodeauA won by resignation"]

1. e4 c5 2. Nf3 Nc6 3. d4 cxd4 4. Nxd4 Qb6 5. Nb3 e6 6. Be3 Qc7 7. Bd3 Nf6 8. O-O Be7 9. f4 e5 10. Nc3 exf4 11. Bxf4 Ne5 12. Kh1 d6 13. Bb5+ Bd7 14.
Bxd7+ Qxd7 15. Nd5 Rc8 16. Nd4 Nxd5 17. exd5 Bf6 18.
Bg3 O-O 19. Qh5 Qg4 20. Qxg4 Nxg4 21. Nb5 Rxc2 22. Nxd6 Rxb2 23. Rab1 Rxa2 24. Rxb7 Ne3 25. Re1 Nxd5 26. Nb5 a6 27. Bd6 Rd8 28. Nc7 h5 29. Nxd5 Rxd6 30. Rb8+ Kh7 31. Nf4 g6 32. Rb7 Kg7 33. g3 Ra1 34. Rxa1 Bxa1 35. Kg2 Be5 36. Ne2 Re6 37. Ra7 h4 38. gxh4 Bb8 39. Ra8 Rxe2+ 40. Kf3 Rb2 0-1

[Event "Late-Titled-Tuesday-Blitz-January-16-2024"]
[Site "Chess.com"]
[Date "2024.01.16"]
[Round "2"]
[White "JuniorJumper"]
[Black "aceontheturn"]
[Result "0-1"]
[WhiteElo "2516"]
[BlackElo "2761"]
[TimeControl "180+1"]
[EndTime "14:17:28 PST"]
[Termination "aceontheturn won by checkmate"]

1. b3 e5 2. Bb2 Nc6 3. e3 d6 4.
Bb5 Nf6 5. Nf3 Be7 6. c4 O-O 7. Nc3 Nb4 8. c5 Bf5 9. cxd6 Qxd6 10. O-O Bd3 11. Bxd3 Nxd3 12. Qc2 Rad8 13. Rab1 c6 14. Ba1 Rd7 15. Na4 Rfd8 16. Rbd1 Qe6 17. Nd4 exd4 18. Qxd3 dxe3 19. Qxe3 Qxe3 20. fxe3 Rxd2 21. Rxd2 Rxd2 22. Rf2 Rxf2 23. Kxf2 Ng4+ 24. Kg1 Bg5 25. Bd4 Bxe3+ 26. Bxe3 Nxe3 27. Kf2 Nd5 28. Ke2 Kf8 29. g3 Ke7 30. Kd3 Nb4+ 31. Kc4 b5+ 32. Kxb4 bxa4 33. Kxa4 f5 34.
Kb4 Kd6 35. Kc4 g5 36. Kd4 c5+ 37. Kc4 Kc6 38. h4 f4 39. hxg5 fxg3 40. g6 hxg6 41. b4 cxb4 42. a4 bxa3 43. Kb3 g2 44. Ka4 g1=Q 45. Ka5 Qb1 46. Ka6 Qb6# 0-1

[Event "Late-Titled-Tuesday-Blitz-January-16-2024"]
[Site "Chess.com"]
[Date "2024.01.16"]
[Round "2"]
[White "tdf98pantani"]
[Black "Walter_White_Poland"]
[Result "1-0"]
[WhiteElo "2698"]
[BlackElo "2346"]
[TimeControl "180+1"]
[EndTime "14:17:29 PST"]
[Termination "tdf98pantani won on time"]

1. e4 e5 2. Nf3 Nc6 3. Bb5 a6 4.
Ba4 Nf6 5. O-O Be7 6. Re1 b5 7. Bb3 O-O 8. c3 d5 9. exd5 Nxd5 10. Nxe5 Nxe5 11. Rxe5 c6 12. d3 Bd6 13. Re1 Bf5 14.
Qf3 Qh4 15. g3 Qh3 16. Nd2 Bg4 17. Qg2 Qh5 18. Ne4 Bf3 19. Qf1 Bc7 20. Nd2 Bg4 21. f3 Bh3 22. Qf2 f5 23. Nf1 f4 24. g4 Qg6 25. Kh1 h5 26. gxh5 Qxh5 27. Nd2 Kh8 28. Ne4 Ne3 29. Rg1 Rf5 30. Be6 Re5 31. Bxh3 Qxh3 32.
Bd2 Rd8 33. d4 Rxe4 34. fxe4 Nc2 35. Raf1 f3 36. e5 Rf8 37. Rg3 Qf5 38. Rfg1 b4 39. Rxg7 bxc3 40. Qh4+ 1-0

[Event "Late-Titled-Tuesday-Blitz-January-16-2024"]
[Site "Chess.com"]
[Date "2024.01.16"]
[Round "2"]
[White "Njal28"]
[Black "adic2020"]
[Result "1-0"]
[WhiteElo "3018"]
[BlackElo "2422"]
[TimeControl "180+1"]
[EndTime "14:17:29 PST"]
[Termination "Njal28 won by checkmate"]

1. d4 Nf6 2. c4 b6 3. f3 Bb7 4. e4 d6 5. Nc3 g6 6. Be3 Bg7 7. Qd2 h5 8. Bd3 c5 9. d5 Nbd7 10.
Nge2 a6 11. O-O h4 12. h3 Kf8 13. f4 Kg8 14. Kh2 b5 15. cxb5 axb5 16. Bxb5 Ba6 17. a4 Nb6 18. Qd3 Bxb5 19. axb5 Kh7 20. Ra6 Rb8 21. Rfa1 Nh5 22. Bf2 e5 23. dxe6 Qf6 24. e5 Qxe6 25. Ne4 Bh6 26. Qxd6 Nxf4 27. Qxe6 Nxe6 28.
Nd6 Bg7 29. Bxh4 Bxe5+ 30. Bg3 Bxg3+ 31. Nxg3 Rhd8 32. Nxf7 Rd2 33. Ra7 Nf4 34. Rg1 Rf8 35. Ne4 Kg7 36. Ne5+ Kh6 37. Ng4+ Kh5 38. Rh7# 1-0